 Dungeon Crawl Stone Soup version 0.28.0 (webtiles) character file.

Game seed: 6130773613619207035

88 Ijustatesigmund the Skirmisher (level 4, 0/29 HPs)
             Began as a Gargoyle Fighter on Feb 10, 2022.
             Slain by a gnoll (6 damage)
             ... on level 3 of the Dungeon.
             The game lasted 00:02:55 (2859 turns).

Ijustatesigmund the Skirmisher (Gargoyle Fighter)   Turns: 2859, Time: 00:02:56

Health: 0/29       AC: 11    Str: 22    XL:     4   Next: 54%
Magic:  4/4        EV:  9    Int:  8    God:
Gold:   163        SH:  4    Dex:  9    Spells: 3/3 levels left

rFire   . . .      SeeInvis .   a - +1 flail
rCold   . . .      Faith    .   c - +0 buckler
rNeg    + . .      Spirit   .   b - +0 scale mail
rPois   ∞          Reflect  .   (no helmet)
rElec   +          Harm     .   (no cloak)
rCorr   .          Rampage  .   (no gloves)
Will    .....                   f - +0 pair of boots
Stlth   ..........              (no amulet)
HPRegen 0.09/turn               (no ring)
MPRegen 0.09/turn               (no ring)

@: about to teleport
A: sickness immunity, AC +3, negative energy resistance 1, electricity
resistance, torment resistance 1, petrification resistance
a: no special abilities


You were on level 3 of the Dungeon.
You visited 1 branch of the dungeon, and saw 3 of its levels.

You collected 163 gold pieces.

Inventory:

Hand Weapons
 a - a +1 flail (weapon)
Armour
 b - a +0 scale mail (worn)
 c - a +0 buckler (worn)
 f - a +0 pair of boots (worn)
Scrolls
 e - 2 scrolls of amnesia
 i - a scroll of teleportation
 l - a scroll of identify
Potions
 d - a potion of might
 g - 3 potions of curing
 h - a potion of magic
 j - a potion of berserk rage {unknown}
 k - 2 potions of heal wounds {unknown}
 m - a potion of ambrosia {unknown}
 n - a potion of lignification {unknown}


   Skills:
 + Level 4.2 Fighting
 * Level 4.0 Maces & Flails
 - Level 3.2 Armour
 - Level 3.2 Shields


You had 3 spell levels left.
You didn't know any spells.
Your spell library contained the following spells:

 Spells                   Type           Power      Damage    Failure   Level
 Animate Skeleton         Necr           0%         N/A       83%         1
 Apportation              Tloc           0%         N/A       83%         1
 Summon Small Mammal      Summ           0%         N/A       83%         1
 Ignite Poison            Fire/Tmut/Pois 0%         N/A       99%         3
 Mephitic Cloud           Conj/Pois/Air  0%         N/A       99%         3
 Freezing Cloud           Conj/Ice/Air   0%         6-21      100%        5


Dungeon Overview and Level Annotations

Branches:
Dungeon (3/15)

Altars:


Innate Abilities, Weirdness & Mutations

You are immune to sickness and miasma.
Your stone body is resilient. (AC +3)
You are immune to poison.
You resist negative energy. (rN+)
You are resistant to electric shocks. (rElec)
You are resistant to unholy torment.
You are immune to petrification.


Message History

A gnoll comes into view. It is wielding a +0 spear.
The gnoll hits you with a +0 whip.
You barely miss the gnoll.
A gnoll comes into view. It is wielding a +0 halberd.
The gnoll hits you but does no damage. The gnoll closely misses you.
You thump the gnoll!
The gnoll is severely wounded.
The gnoll misses you. The gnoll hits you with a +0 whip.
You barely miss the gnoll.
The gnoll is severely wounded.
The gnoll hits you but does no damage.
A gnoll comes into view. It is wielding a +0 whip.
You block the gnoll's attack. The gnoll hits you but does no damage.
You closely miss the gnoll.
The gnoll is severely wounded.
The gnoll shouts!
You block the gnoll's attack. The gnoll hits you with a +0 whip.
The gnoll hits you but does no damage. The gnoll hits you with a +0 whip.
The gnoll barely misses you.
You are too injured to fight recklessly!
You are too injured to fight recklessly!
You are too injured to fight recklessly!
You are too injured to fight recklessly!
You are too injured to fight recklessly!
You are too injured to fight recklessly!
You are too injured to fight recklessly!
You are too injured to fight recklessly!
You are too injured to fight recklessly!
You are too injured to fight recklessly!
You are too injured to fight recklessly!
You are too injured to fight recklessly!
You are too injured to fight recklessly!
You are too injured to fight recklessly!
You are too injured to fight recklessly!
As you read the scroll of teleportation, it crumbles to dust.
You feel strangely unstable. The gnoll hits you but does no damage.
The gnoll hits you with a +0 whip.
* * * LOW HITPOINT WARNING * * *
The gnoll hits you from afar with a +0 spear.
You die...

##### # ...... #.
##.....#.. #..
##............. #...
#..............
#..g####..............
#gg@.#..............
####................
####.....>........
#........>(.....†)
#.####.....#......
#.####..####.#....
#######.##..>###........
#.....#....### #........
#.......#### ##..<.....


You could see 3 gnolls.

Vanquished Creatures
  A gnoll (D:2)
  2 adders
  A worm (D:1)
  3 dart slugs
  6 endoplasms
  A giant cockroach (D:2)
  4 goblins
  2 hobgoblins (D:2)
  7 jackals (D:1)
  2 quokkas
  5 ball pythons
  5 bats
  6 frilled lizards
  3 kobolds
  A rat (D:3)
49 creatures vanquished.

Notes
Turn   | Place    | Note
-------+----------+-------------------------------------------
     0 | D:1      | Ijustatesigmund the Gargoyle Fighter began the quest for
                  | the Orb.
     0 | D:1      | Reached XP level 1. HP: 14/14 MP: 1/1
   182 | D:1      | Reached XP level 2. HP: 19/19 MP: 2/2
   872 | D:1      | Reached XP level 3. HP: 24/24 MP: 3/3
  1875 | D:2      | Reached XP level 4. HP: 11/29 MP: 4/4
  2632 | D:3      | Found a faded altar of an unknown god.
  2859 | D:3      | Slain by a gnoll

Illustrated notes

Levels and vault maps discovered:
D:1:      dpeg_arrival_brainrot, layout_loops_corners, corner_web_ring,
          bh_walls_and_bars
D:2:      layout_rooms, minmay_unequal
D:3:      layout_rooms, shapermc_ecumenical_altar_flowoftime,
          kennysheep_generic_room_4

Skill      XL: |  1  2  3  4 |
---------------+-------------+-----
Maces & Flails | 3 4 |  4.0
Fighting       | 4 |  4.2
Armour         | |  3.2
Shields        | |  3.2

Action                   |  1- 3 |  4- 6 || total
-------------------------+-------+-------++-------
Melee: Flail             |   116 |    38 ||   154
  Use: Scroll            |     2 |     6 ||     8
Armor: Scale mail        |    75 |    18 ||    93
Dodge: Dodged            |    75 |    21 ||    96
Block: Buckler           |    28 |    11 ||    39
